 Dungeon Crawl Stone Soup version 0.21.1-1-g345015f (console) character file.

55 fly the Chiller (level 3, -1/21 HPs)
             Began as an Octopode Ice Elementalist on May 7, 2018.
             Slain by a centaur (6 damage)
             ... on level 3 of the Dungeon.
             The game lasted 00:02:43 (1871 turns).

fly the Chiller (Octopode Ice Elementalist)         Turns: 1871, Time: 00:02:45

Health: -1/21      AC:  1    Str:  7    XL:     3   Next: 93%
Magic:  1/7        EV: 13    Int: 18    God:
Gold:   55         SH:  0    Dex: 12    Spells: 6/7 levels left

rFire    . . .     SeeInvis .   (no weapon)
rCold    . . .     Gourm    .   (no shield)
rNeg     . . .     Faith    .   (helmet restricted)
rPois    .         Spirit   .   (no amulet)
rElec    .         Reflect  .   (no ring)
rCorr    .         Harm     .   (no ring)
MR       .....                  (no ring)
Stlth    +++.......             (no ring)
HPRegen  0.07/turn              (no ring)
MPRegen  0.10/turn              (no ring)
                                (no ring)
                                (no ring)

@: very slightly contaminated
A: almost no armour, stealthy swim, amphibious, 8 rings, constrict 8, camouflage
1, gelatinous body 1
a: no special abilities


You were on level 3 of the Dungeon.
You were not hungry.

You visited 1 branch of the dungeon, and saw 3 of its levels.

You collected 55 gold pieces.

Inventory:

Scrolls
 c - a scroll of blinking {unknown}
 d - a scroll of amnesia {unknown}
 f - 2 scrolls of teleportation {unknown}
 h - a scroll of immolation {unknown}
 j - a scroll of fog {unknown}
Potions
 e - 2 potions of heal wounds {unknown}
 g - a potion of lignification {unknown}
 i - 2 potions of agility {unknown}
Books
 a - a book of Frost

   Spells                             Type                      Level
   a - Freeze                         Ice                          1
   b - Throw Frost                    Conjuration/Ice              2
   c - Ozocubu's Armour               Charms/Ice                   3
   d - Throw Icicle                   Conjuration/Ice              4
   e - Summon Ice Beast               Ice/Summoning                4
Comestibles
 b - 3 rations


   Skills:
 + Level 2.0 Dodging
 - Level 2.6 Stealth
 - Level 2.8 Spellcasting
   Level 1.0 Conjurations
 - Level 4.1 Ice Magic


You had 6 spell levels left.
You knew the following spells:

 Your Spells              Type           Power        Failure   Level  Hunger
z - Freeze                Ice            ###.         3%          1    None


Dungeon Overview and Level Annotations

Branches:
Dungeon (3/15)

Altars:
Xom


Innate Abilities, Weirdness & Mutations

You cannot wear most types of armour.
You are very stealthy in the water. (Stealth+)
You are amphibious.
You can wear up to eight rings at the same time.
You can use your tentacles to constrict eight enemies at once.
Your skin changes colour to match your surroundings (Stealth+).
Your rubbery body absorbs attacks. (AC +1, EV +1)


Message History

The centaur is lightly wounded.
The centaur misses you. The centaur hits you!
* * * LOW HITPOINT WARNING * * *
Casting: Freeze
Confirm with . or Enter, or press ? or * to list all spells.
Aiming: Freeze
Press: ? - help, Shift-Dir - straight line, f/p - centaur
Aim: a centaur (lightly wounded)
You freeze the centaur.
The centaur is heavily wounded.
The centaur barely misses you.
Casting: Freeze
Confirm with . or Enter, or press ? or * to list all spells.
Aiming: Freeze
Press: ? - help, Shift-Dir - straight line, f/p - centaur
Aim: a centaur (heavily wounded)
You freeze the centaur.
The centaur is severely wounded.
The centaur hits you.
You die...

##### .....
#+##.....
#.#......
#.######.#......
............>...
#.#...Sg.......
#...###c#.?...
###.. #@# ...
#....###.# .
#........#
####..####
#......#
#####..#
#.##.###
#......#
####.##..##+####


You could see a centaur, a hobgoblin and a ball python.

Vanquished Creatures
  A worm (D:2)
  4 dart slugs
  A leopard gecko (D:2)
  4 ball pythons
  4 bats
  4 giant cockroaches
  2 hobgoblins
  3 jackals (D:2)
  2 kobolds (D:1)
  A quokka (D:2)
  2 frilled lizards (D:1)
  7 goblins
  2 rats
37 creatures vanquished.

Notes
Turn   | Place    | Note
-------+----------+-------------------------------------------
     0 | D:1      | fly the Octopode Ice Elementalist began the quest for the Orb.
     0 | D:1      | Reached XP level 1. HP: 11/11 MP: 3/3
   671 | D:1      | Reached XP level 2. HP: 15/17 MP: 0/5
   950 | D:1      | Reached skill level 4 in Ice Magic
  1109 | D:2      | Reached XP level 3. HP: 15/21 MP: 2/6
  1337 | D:2      | Found a shimmering altar of Xom.
  1866 | D:3      | Noticed a centaur
  1871 | D:3      | Slain by a centaur

Skill      XL: |  1  2 |
---------------+-------+-----
Ice Magic      | 4 |  4.1
Dodging        | |  2.0
Stealth        | |  2.6
Spellcasting   | |  2.8
Conjurations   | |  1.0

Action                   || total
-------------------------++-------
Melee: Unarmed           ||    18
       Tentacles         ||     4
       Constrict         ||     8
 Cast: Freeze            ||    56
 Stab: Sleeping          ||     8
  Eat: Chunk             ||     3
Armor: Skin              ||     7
Dodge: Dodged            ||    40
